 Dungeon Crawl Stone Soup version 0.30.0-20-g3615ddf2f0 (webtiles) character file.

Game seed: 16816377172602365052

109 qw the Shield-Bearer (level 4, 0/28 HPs)
             Began as a Gargoyle Fighter on May 29, 2023.
             Killed by nerve-wracking pain
             ... invoked by Grinder
              (2 damage)
             ... on level 5 of the Dungeon.
             The game lasted 00:01:06 (1837 turns).

qw the Shield-Bearer (Gargoyle Fighter)             Turns: 1837, Time: 00:01:06

Health: 0/28       AC: 12    Str: 21    XL:     4   Next: 90%
Magic:  4/4        EV: 10    Int:  9    God:
Gold:   91         SH: 14    Dex:  9    Spells: 3/3 levels left

rFire   . . .        Y - +0 war axe
rCold   . . .        i - +2 tower shield
rNeg    + . .        k - +0 chain mail
rPois   inf          (no helmet)
rElec   +            (no cloak)
rCorr   .            (no gloves)
SInv    .            (no boots)
Will    .....        (no amulet) Stlth
                     b - +5 ring of evasion
HPRegen 0.24/turn    (no ring)
MPRegen 0.09/turn

%: no passive effects
@: about to teleport
A: sickness immunity, AC +3, negative energy resistance 1, electricity
resistance, torment resistance 1, petrification resistance
a: no special abilities


You were on level 5 of the Dungeon.
You visited 1 branch of the dungeon, and saw 4 of its levels.

You collected 91 gold pieces.


Innate Abilities, Weirdness & Mutations

You are immune to sickness and miasma.
Your stone body is resilient. (AC +3)
You are immune to poison.
You resist negative energy. (rN+)
You are resistant to electric shocks. (rElec)
You are resistant to unholy torment.
You are immune to petrification.


   Skills:
 - Level 3.2 Fighting
 - Level 3.2 Axes
 - Level 3.2 Armour
 + Level 4.9 Shields


You had 3 spell levels left.
You didn't know any spells.
Your spell library was empty.

Inventory:

Hand Weapons
 j - a +0 flail
 Y - a +0 war axe (weapon)
Armour
 i - a +2 tower shield (worn)
 k - a +0 chain mail (worn)
Jewellery
 b - a +5 ring of evasion (left hand)
Potions
 c - a potion of heal wounds {unknown}
 d - a potion of might
 e - 2 potions of curing
 g - a potion of cancellation
 l - a potion of degeneration {unknown}
 o - a potion of mutation {unknown}

Dungeon Overview and Level Annotations

Branches:
Dungeon (3/15)

Altars:

Annotations:
D:5 Grinder


Message History

Grinder drinks a potion.
Grinder seems to speed up.
You can move again.
You hit Grinder.
Grinder is lightly wounded.
Grinder gestures at you. Pain shoots through your body!
Grinder gestures at you.
You shrug off the repeated paralysis!
You closely miss Grinder.
Grinder is lightly wounded.
Grinder gestures at you. Pain shoots through your body!
Grinder says, "Tell me all your secrets, or I'll kill you."
Grinder gestures at you. You resist with significant effort.
Grinder gestures at you.
You suddenly lose the ability to move!
Grinder hits you but does no damage. Grinder hits you.
You writhe in agony.
Grinder hits you but does no damage. Grinder hits you but does no damage. x2
Grinder gestures at you. Pain shoots through your body!
You can move again.
You hit Grinder.
Grinder is lightly wounded.
Grinder blinks!
You barely miss Grinder.
Grinder is lightly wounded.
You block Grinder's attack. Grinder hits you!
You writhe in agony.
Grinder hits you but does no damage.
1836 ||| READING scroll of teleportation.
As you read the scroll of teleportation, it crumbles to dust.
You feel strangely unstable. You block Grinder's attack.
You closely miss Grinder.
Grinder is lightly wounded.
Grinder hits you but does no damage. Grinder hits you.
You writhe in agony.
Grinder gestures at you. Pain shoots through your body!
You die...

.. #.# ..# ####
..#
#...#####..#
...........##.#
..............#
#...%.# #@#.###
#5..# #..##
#..# #..# #..#
#..# #..#
######..#


You could see Grinder (fast).

Vanquished Creatures
  4 gnolls
  2 adders
  A worm (D:2)
  3 dart slugs (D:1)
  7 ball pythons
  3 bats (D:2)
  5 endoplasms
  6 goblins
  2 hobgoblins (D:2)
  2 jackals (D:2)
  A quokka (D:2)
  3 frilled lizards
  A kobold (D:2)
  3 rats
43 creatures vanquished.

Notes
Turn   | Place    | Note
-------+----------+-------------------------------------------
     0 | D:1      | qw the Gargoyle Fighter began the quest for the Orb.
     0 | D:1      | Reached XP level 1. HP: 14/14 MP: 1/1
     0 | D:1      | 0 ||| qw: Version: 0.2-a-102-g2b76a06
     0 | D:1      | 0 ||| qw: Game counter: 394
     0 | D:1      | 0 ||| qw: Always use a shield: true
     0 | D:1      | 0 ||| qw: God list: Okawaru
     0 | D:1      | 0 ||| qw: Allow faded altars: false
     0 | D:1      | 0 ||| qw: Do Orc after D:15 true
     0 | D:1      | 0 ||| qw: Do second Lair branch before Depths: true
     0 | D:1      | 0 ||| qw: Lair rune preference: random
     0 | D:1      | 0 ||| qw: Plans: Normal, Zot:1-4, Slime:5, God:TSO, Crypt,
                  | Tomb, Pan, Hells, Abyss, Win
     0 | D:1      | 0 ||| PLANNING D:1-11
    30 | D:1      | 30 ||| FLEEEEING.
    31 | D:1      | 31 ||| FLEEEEING.
    34 | D:1      | 34 ||| FLEEEEING.
    35 | D:1      | 35 ||| FLEEEEING.
    36 | D:1      | 36 ||| FLEEEEING.
    37 | D:1      | 37 ||| FLEEEEING.
    51 | D:1      | 51 ||| FLEEEEING.
    52 | D:1      | 52 ||| FLEEEEING.
   213 | D:1      | Reached XP level 2. HP: 19/19 MP: 2/2
   231 | D:1      | 231 ||| Stepping ~*~*~tactically~*~*~ (hiding).
   581 | D:1      | 581 ||| Stepping ~*~*~tactically~*~*~ (hiding).
   590 | D:1      | Reached skill level 3 in Axes
   590 | D:1      | Reached XP level 3. HP: 17/23 MP: 3/3
   803 | D:1      | 803 ||| UPGRADING to +2 tower shield.
   813 | D:1      | 813 ||| DROPPING +0 buckler.
   814 | D:1      | 814 ||| UPGRADING to +0 chain mail.
   824 | D:1      | 824 ||| DROPPING +0 scale mail.
   825 | D:1      | 825 ||| READING scroll labelled QUSIKU DOESE.
   826 | D:1      | 826 ||| READING scroll labelled MYPNEO GAAFU.
   827 | D:1      | 827 ||| READING scroll labelled YRGHES VACLAQORPH.
   828 | D:1      | 828 ||| READING scroll labelled NAOSCHANE AGEL.
   832 | D:1      | 832 ||| READING scroll labelled DAECUOVAPP.
   833 | D:1      | 833 ||| READING scroll labelled TEYTYO FOHIUTOCA.
   834 | D:1      | 834 ||| DRINKING 2 white potions.
   880 | D:2      | 880 ||| DROPPING +0 club.
   940 | D:2      | 940 ||| Stepping ~*~*~tactically~*~*~ (stealth).
   988 | D:2      | 988 ||| Stepping ~*~*~tactically~*~*~ (stealth).
  1153 | D:2      | 1153 ||| Stepping ~*~*~tactically~*~*~ (hiding).
  1162 | D:2      | Reached skill level 4 in Shields
  1162 | D:2      | Reached XP level 4. HP: 27/28 MP: 4/4
  1205 | D:2      | 1205 ||| DROPPING +0 mace.
  1537 | D:2      | Found a faded altar of an unknown god.
  1588 | D:2      | 1588 ||| UPGRADING to +5 ring of evasion.
  1589 | D:2      | 1589 ||| READING scroll labelled BEATHA VEOZXE.
  1590 | D:2      | 1590 ||| READING scroll labelled QEWOGOTHR WAORA.
  1691 | D:2      | 1691 ||| READING scroll labelled SANAYR GOIGETU.
  1692 | D:2      | 1692 ||| DRINKING 3 gluggy clear potions.
  1790 | D:3      | You fall into a shaft and drop 2 floors!
  1790 | D:5      | Entered Level 5 of the Dungeon
  1820 | D:5      | Noticed Grinder
  1821 | D:5      | 1821 ||| Stepping ~*~*~tactically~*~*~ (hiding).
  1822 | D:5      | 1822 ||| Stepping ~*~*~tactically~*~*~ (hiding).
  1823 | D:5      | 1823 ||| Stepping ~*~*~tactically~*~*~ (hiding).
  1824 | D:5      | Paralysed by Grinder for 4 turns
  1829 | D:5      | Paralysed by Grinder for 5 turns
  1835 | D:5      | HP: 7/28 [Grinder (1)]
  1836 | D:5      | 1836 ||| READING scroll of teleportation.
  1837 | D:5      | HP: 2/28 [Grinder (2)]
  1837 | D:5      | Killed from afar by Grinder

Levels and vault maps discovered:
D:1:      dpeg_arrival_rooms_with_view, layout_basic
D:2:      layout_basic, shapermc_ecumenical_altar_mp_urbaneastern,
          minmay_goblin_outpost
D:3:      layout_rooms
D:5:      layout_loops_ring, mainiacjoe_overflow_24_doors,
          minmay_temple_entry_wispy, minivault_5, minmay_bent, uniq_grinder,
          uniq_menkaure

Skill      XL: |  1  2  3 |
---------------+----------+-----
Axes           | 2 3 |  3.2
Shields        | 4 |  4.9
Fighting       | |  3.2
Armour         | |  3.2

Action                     |  1- 3 |  4- 6 || total
---------------------------+-------+-------++-------
  Melee: War axe           |    91 |    68 ||   159
    Use: Scroll            |     6 |     4 ||    10
         Potion            |     1 |     1 ||     2
 Armour: Scale mail        |    12 |       ||    12
         Chain mail        |    27 |    30 ||    57
  Dodge: Dodged            |    31 |    20 ||    51
  Block: Buckler           |     6 |       ||     6
         Tower shield      |    47 |    65 ||   112

Table legend:
 A = Non-vault XP
 B = Vault XP
 C = Vault XP percentage of total XP
 D = Non-vault monster count
 E = Vault monster count
 F = Vault count percentage of total count
                 A         B        C        D         E       F
            +---------+---------+-------+---------+---------+-------
      Total |     130 |      27 |  17.2 |      35 |       8 |  18.6
            +---------+---------+-------+---------+---------+-------
        D:1 |      28 |      15 |  34.9 |      12 |       2 |  14.3
        D:2 |      85 |      12 |  12.4 |      19 |       6 |  24.0
        D:3 |       4 |       0 |   0.0 |       3 |       0 |   0.0
        D:5 |      13 |       0 |   0.0 |       1 |       0 |   0.0
            +---------+---------+-------+---------+---------+-------
